 Dungeon Crawl Stone Soup version 0.27.0-1-g7a089689b8 (webtiles) character file.

Game seed: 6110563044699740152

3 Descartes the Sneak (level 1, 0/11 HPs)
             Began as a Spriggan Delver on Aug 14, 2021.
             Splashed by a jelly's acid (5 damage)
             ... on level 5 of the Dungeon.
             The game lasted 00:01:09 (640 turns).

Descartes the Sneak (Spriggan Delver)                Turns: 640, Time: 00:01:09

Health: 0/11       AC: -2    Str:  8    XL:     1   Next: 41%
Magic:  2/2        EV: 17    Int: 11    God:
Gold:   0          SH:  0    Dex: 16    Spells: 0/0 levels left

rFire    . . .     SeeInvis +   a - +0 short sword
rCold    . . .     Faith    .   (shield restricted)
rNeg     . . .     Spirit   .   b - +0 robe
rPois    .         Reflect  .   (helmet restricted)
rElec    .         Harm     .   (no cloak)
rCorr    .         Rampage  .   (gloves unavailable)
Will     .....                  (boots unavailable)
Stlth    ++++......             (no amulet)
HPRegen  0.03/turn              (no ring)
MPRegen  0.08/turn              (no ring)

@: corroded, very quick
A: very small, no large weapons, unfitting armour, see invisible, speed 3
a: no special abilities


You were on level 5 of the Dungeon.
You visited 1 branch of the dungeon, and saw 2 of its levels.

Inventory:

Hand Weapons
 a - a +0 short sword (weapon)
Missiles
 h - 18 stones (quivered)
Armour
 b - a +0 robe (worn)
Wands
 g - a wand of digging (3)
Scrolls
 c - a scroll of fog
 d - a scroll of magic mapping
 e - a scroll of fear
Potions
 f - a potion of haste


   Skills:
 - Level 2.4 Fighting
 - Level 2.1 Short Blades
 - Level 2.6 Dodging
 + Level 7.5 Stealth


You couldn't memorise any spells.
You didn't know any spells.
Your spell library was empty.

Dungeon Overview and Level Annotations

Branches:
Dungeon (5/15)
 Temple: D:4-7

Altars:


Innate Abilities, Weirdness & Mutations

You are very small and have problems with some larger weapons.
You are too small for most types of armour.
You have supernaturally acute eyesight. (SInv)
You cover ground extremely quickly. (Speed+++)


Message History

* * * LOW HITPOINT WARNING * * *
There is a stone staircase leading up here.
You climb upwards.
A hobgoblin comes into view.
There is a stone staircase leading down here.
The helpless hobgoblin fails to defend itself.
You impale the hobgoblin!!
You kill the hobgoblin!
You start resting.
HP restored.
You climb downwards.
There is a stone staircase leading up here.
The orc completely misses you.
You barely miss the orc. The orc misses you.
You hit the orc but do no damage. The orc closely misses you.
You hit the orc but do no damage. The orc closely misses you.
You hit the orc.
The orc is lightly wounded.
The orc hits you with a +0 hand axe.
You hit the orc.
The orc is heavily wounded.
The orc misses you.
You hit the orc.
You kill the orc!
Unknown command.
You start resting.
HP restored.
Things that are here:
a +0 hand axe; a +0 leather armour; an orc corpse
There are monsters nearby!
A jelly comes into view.
The jelly quivers.
The jelly closely misses you.
You hit the jelly. The acid corrodes you!
Your hands burn!
The jelly is moderately wounded.
You hit the jelly but do no damage. The acid corrodes you!
Your hands burn!
The jelly is moderately wounded.
The jelly barely misses you.
You hit the jelly but do no damage.
Your hands burn!
You die...

... #....#.###
#.####....#.# #
#.#.......#.# #
#.##.#..#.#.# #
#.##.#..#.#.# #
###.##.#..#.#.# # #
#......#..#.#.###
###.##.#.####..#.#....
#...J@...........#####
######.######.........
#.# ##.####### ... ...
##.## #### ###


You could see a jelly.

Vanquished Creatures
  An orc (D:5)
  A hobgoblin (D:4)
2 creatures vanquished.

Notes
Turn   | Place    | Note
-------+----------+-------------------------------------------
     0 | D:5      | Descartes the Spriggan Delver began the quest for the Orb.
     0 | D:5      | Reached XP level 1. HP: 11/11 MP: 2/2
    78 | D:5      | Noticed an orc wizard
   634 | D:5      | Noticed a jelly
   640 | D:5      | Splashed by a jelly's acid

Illustrated notes

Levels and vault maps discovered:
D:4:      minmay_opposing_rooms, layout_basic, kennysheep_mini_moat
D:5:      layout_basic, kennysheep_mini, zin_treasury,
          minmay_temple_entry_nine_rooms, biasface_ghost_orc_armoury,
          uniq_eustachio

Action                   || total
-------------------------++-------
Melee: Short sword       ||    11
 Stab: Sleeping          ||     1
Dodge: Dodged            ||     7
